 Dungeon Crawl Stone Soup version 0.30-a0-728-gc68057be0a (webtiles) character file.

Game seed: 6791652468470543266

65 dialectric the Covered (level 4, -5/28 HPs)
             Began as a Gargoyle Fighter on Jan 30, 2023.
             Slain by a goblin
             ... wielding a +3 dagger
             ... led by Robin
              (8 damage)
             ... on level 2 of the Dungeon.
             The game lasted 00:02:21 (1508 turns).

dialectric the Covered (Gargoyle Fighter)           Turns: 1508, Time: 00:02:21

Health: -5/28      AC: 12    Str: 28    XL:     4   Next: 14%
Magic:  4/4        EV: 10    Int:  8    God:
Gold:   46         SH:  0    Dex:  9    Spells: 3/3 levels left

rFire   . . .      SeeInvis .    a - +0 long sword
rCold   . . .      Faith    .    (no shield)
rNeg    + . .      Spirit   .    b - +0 scale mail
rPois   ∞          Reflect  .    (no helmet)
rElec   +          Harm     .    u - +0 cloak
rCorr   .          Rampage  .    (no gloves)
Will    .....                    l - +0 pair of boots Stlth
                                 (no amulet)
HPRegen 0.24/turn                m - +6 ring of strength
MPRegen 0.09/turn                (no ring)

@: no status effects
A: sickness immunity, AC +3, negative energy resistance 1, electricity
resistance, torment resistance 1, petrification resistance
a: no special abilities


You were on level 2 of the Dungeon.
You visited 1 branch of the dungeon, and saw 3 of its levels.

You collected 46 gold pieces.

Inventory:

Hand Weapons
 a - a +0 long sword (weapon)
 v - a +0 morningstar
Armour
 b - a +0 scale mail (worn)
 c - a +0 buckler
 g - a +0 plate armour
 l - a +0 pair of boots (worn)
 u - a +0 cloak (worn)
Jewellery
 m - a +6 ring of strength (left hand)
Scrolls
 h - 5 scrolls of identify {unknown}
 i - 2 scrolls of enchant weapon {unknown}
 j - a scroll of vulnerability {unknown}
 n - a scroll of amnesia {unknown}
 p - a scroll of noise {unknown}
 q - a scroll of blinking {unknown}
 s - 2 scrolls of teleportation
 t - a scroll of enchant armour {unknown}
Potions
 d - a potion of might
 e - 2 potions of brilliance {unknown}
 f - 2 potions of curing {unknown}
 k - a potion of flight {unknown}
 o - a potion of lignification {unknown}
 r - a potion of heal wounds {unknown}


   Skills:
 - Level 3.2 Fighting
 * Level 3.4 Long Blades
 + Level 3.7 Armour
 - Level 0.1 Dodging
 - Level 3.4 Shields


You had 3 spell levels left.
You didn't know any spells.
Your spell library contained the following spells:

 Spells                   Type           Power      Damage    Failure   Level
 Apportation              Tloc           0%         N/A       67%         1
 Necrotise                Necr           0%         1d4       67%         1
 Summon Small Mammal      Summ           0%         N/A       67%         1
 Poisonous Vapours        Pois/Air       0%         N/A       80%         2
 Mephitic Cloud           Conj/Pois/Air  0%         N/A       95%         3
 Cigotuvi's Dreadful Rot  Necr/Pois/Air  Unusable   N/A       N/A         2

Dungeon Overview and Level Annotations

Branches:
Dungeon (3/15)

Altars:
Qazlal

Annotations:
D:3 Robin


Innate Abilities, Weirdness & Mutations

You are immune to sickness and miasma.
Your stone body is resilient. (AC +3)
You are immune to poison.
You resist negative energy. (rN+)
You are resistant to electric shocks. (rElec)
You are resistant to unholy torment.
You are immune to petrification.


Message History

The hobgoblin hits you.
Robin roars a battlecry!
The goblins go into a battle-frenzy!
You closely miss the hobgoblin.
The hobgoblin is moderately wounded.
The hobgoblin barely misses you.
You barely miss the hobgoblin.
The hobgoblin is moderately wounded.
The hobgoblin hits you but does no damage.
You barely miss the hobgoblin. You punch the hobgoblin.
You kill the hobgoblin!
You completely miss the goblin.
Robin roars a battlecry!
The goblin barely misses you. Robin closely misses you.
The goblin hits you with a +0 dagger.
You barely miss the goblin. The goblin closely misses you.
Robin throws the goblin at you!
Unknown command.
The goblin attacks as you move away! The goblin hits you but does no damage.
The goblin hits you with a +3 dagger.
There is an escape hatch in the ceiling here.
The goblin hits you but does no damage. The goblin barely misses you.
Robin barely misses you. A mysterious force pulls you upwards.
The hatch slams shut behind you.
Reactivating autopickup.
Unknown command.
You hit the goblin.
The goblin is moderately wounded.
The goblin hits you with a +3 dagger. The goblin hits you with a +0 dagger.
You are too injured to fight recklessly!
You are too injured to fight recklessly!
The goblin hits you but does no damage. The goblin attacks as you move away!
The goblin hits you with a +0 dagger.
* * * LOW HITPOINT WARNING * * *
The goblin no longer looks unusually strong.
The goblin hits you but does no damage. The goblin attacks as you move away!
The goblin hits you with a +0 dagger.
* * * LOW HITPOINT WARNING * * *
The goblin attacks as you move away! The goblin hits you with a +3 dagger!
You die...

#.######## #.......###..#.#..#
#........# ####.#### #..#.#..#
#..#####.# #...# #........
#..#####.# #...# #.##....#
#.....##.# #...# #.##.#..#
##.#.#.#.# #...# #.......#
##..###..##### #...# ###.....)
.#[..#.......####g..#######>.#...
.##....#.##.<...@g..(.....#.....)
.....÷.#...........).............
.##.÷.....#...............#.#..##
.###......##.####...#######.#....
## #.#.......# #...# #......
#.####.#### #...# ###.###
####.####.# #...# #.# ..##......#
###...### #.# #.##.########
#.......# #.###


You could see 2 goblins.

Vanquished Creatures
  2 dart slugs
  An orc (D:3)
  6 ball pythons
  4 bats
  10 endoplasms
  A giant cockroach (D:2)
  7 goblins
  8 hobgoblins
  4 kobolds
  A quokka (D:3)
  5 frilled lizards
  5 rats
54 creatures vanquished.

Notes
Turn   | Place    | Note
-------+----------+-------------------------------------------
     0 | D:1      | dialectric the Gargoyle Fighter began the quest for the
                  | Orb.
     0 | D:1      | Reached XP level 1. HP: 14/14 MP: 1/1
   107 | D:1      | Reached XP level 2. HP: 15/19 MP: 2/2
   294 | D:1      | Reached XP level 3. HP: 15/23 MP: 3/3
  1146 | D:3      | Found a faded altar of an unknown god.
  1270 | D:3      | Reached XP level 4. HP: 28/28 MP: 4/4
  1484 | D:3      | Found a stormy altar of Qazlal.
  1487 | D:3      | Noticed an earth elemental
  1488 | D:3      | Noticed Robin
  1508 | D:2      | Slain by a goblin

Illustrated notes

Levels and vault maps discovered:
D:1:      lightli_arrival_maybe_door_vault, layout_rooms, minmay_split_cup_small
D:2:      layout_loops_cross
D:3:      layout_loops_ring, nicolae_qazlal_style_of_elements,
          basic_ecumenical_altar, kennysheep_flooded_box, uniq_robin,
          uniq_crazy_yiuf_cottage

Skill      XL: |  1  2  3 |
---------------+----------+-----
Long Blades    | 2 3 |  3.4
Fighting       | |  3.2
Armour         | |  3.7
Dodging        | |  0.1
Shields        | |  3.4

Action                     |  1- 3 |  4- 6 || total
---------------------------+-------+-------++-------
  Melee: Long sword        |   155 |    27 ||   182
         Punch             |     3 |     1 ||     4
    Use: Scroll            |       |     1 ||     1
 Armour: Scale mail        |   102 |    17 ||   119
  Dodge: Dodged            |   104 |    15 ||   119

Table legend: (Time is in decaauts)
 A = Elapsed time spent in this place.
 B = Non-inter-level travel time spent in this place.
 C = Inter-level travel time spent in this place.
 D = Time resting spent in this place.
 E = Time spent auto-exploring this place.
 F = Levels seen in this place.
 G = Mean time per level.
                   A        B        C        D        E       F      G
               +--------+--------+--------+--------+--------+-----+--------+
         Total |   1553 |   1531 |     22 |     60 |    959 |   3 |  517.7 |
       Dungeon |   1553 |   1531 |     22 |     60 |    959 |   3 |  517.7 |
               +--------+--------+--------+--------+--------+-----+--------+

Top non-repeatable levels by time:
     D:1: 549 daAuts
     D:2: 548 daAuts
     D:3: 456 daAuts
